 Dungeon Crawl Stone Soup version 0.31-a0-986-g5e6e4ef867 (webtiles) character file.

Game seed: 17358645700896436250

2 Zonian the Caller (level 1, -2/10 HPs)
             Began as a Deep Elf Summoner on Nov 10, 2023.
             Slain by a hobgoblin (4 damage)
             ... on level 1 of the Dungeon.
             The game lasted 00:00:28 (60 turns).

Zonian the Caller (Deep Elf Summoner)                 Turns: 60, Time: 00:00:29

Health: -2/10      AC:  2    Str:  5    XL:     1   Next: 33%
Magic:  5/6        EV: 12    Int: 19    God:
Gold:   13         SH:  0    Dex: 15    Spells: 5/6 levels left

rFire   . . .        (no weapon)
rCold   . . .        (no shield)
rNeg    . . .        a - +0 robe
rPois   .            (no helmet)
rElec   .            (no cloak)
rCorr   .            (no gloves)
SInv    .            (no boots)
Will    .....        (no amulet)
Stlth   ++           (no ring)
HPRegen 0.21/turn    (no ring)
MPRegen 0.10/turn

%: no passive effects
@: no status effects
A: no striking features
a: no special abilities


You were on level 1 of the Dungeon.
You visited 1 branch of the dungeon, and saw 1 of its levels.

You collected 13 gold pieces.

Inventory:

Armour
 a - a +0 robe (worn)
Potions
 b - a potion of magic


   Skills:
 + Level 2.5 Dodging
 + Level 2.5 Stealth
 + Level 3.0 Spellcasting
 + Level 4.4 Summonings


You had 5 spell levels left.
You knew the following spells:

 Your Spells              Type           Power      Damage    Failure   Level
a - Summon Small Mammal   Summ           76%        N/A       2%          1

Your spell library contained the following spells:

 Spells                   Type           Power      Damage    Failure   Level
 Call Imp                 Summ           38%        N/A       3%          2
 Call Canine Familiar     Summ           19%        N/A       8%          3
 Summon Guardian Golem    Hex/Summ       11%        N/A       19%         3
 Summon Lightning Spire   Summ/Air       11%        N/A       52%         4


Dungeon Overview and Level Annotations

Branches:
Dungeon (1/15)

Altars:


Message History

The bat hits you but does no damage. The bat misses your bat.
The goblin barely misses you.
Your bat closely misses the bat.
The hobgoblin misses you.
Unknown command.
You hit the goblin.
You kill the goblin!
The bat barely misses your bat.
Your bat misses the bat. The bat closely misses your bat.
The hobgoblin hits you.
Unknown command.
You hit the hobgoblin but do no damage.
Your bat hits the bat but does no damage.
The bat hits your bat but does no damage.
Your bat closely misses the hobgoblin.
The bat hits your bat but does no damage.
The hobgoblin closely misses you.
You hit the hobgoblin but do no damage.
Your bat hits the bat but does no damage.
The bat hits you. The bat hits you but does no damage. The hobgoblin hits you.
Ouch! That really hurt!
* * * LOW HITPOINT WARNING * * *
Unknown command.
You swap places.
The bat hits you but does no damage.
Your bat completely misses the bat.
The bat misses you. The bat barely misses you.
The hobgoblin attacks as it pursues you!
The hobgoblin completely misses you.
Unknown command.
You hit the hobgoblin.
The hobgoblin is heavily wounded.
The bat barely misses you.
Your bat hits the hobgoblin but does no damage.
The bat closely misses you.
Your bat barely misses the hobgoblin.
The hobgoblin hits you.
* * * LOW HITPOINT WARNING * * *
Okay, then.
You barely miss the hobgoblin.
The hobgoblin is heavily wounded.
Your bat barely misses the hobgoblin.
The bat barely misses you. The hobgoblin hits you.
You die...

#.. ..# #.# #.#
######### #.# #.#
#.......##
#g####.###.##.....#
#g#...........##..#
#.#b##.###.####...##
#.#.##b# #.###.....##
#..g@..###...........
###)......######.####
#######.# #...# #.#
#.#.# #.# #.#.# #.#
###.#+# #.# ##.....##
#.###.......#
..##.........


You could see a hobgoblin, a bat (ally target) and a friendly bat (summoned).

Vanquished Creatures
  A goblin (D:1)
  A hobgoblin (D:1)
2 creatures vanquished.

Notes
Turn   | Place    | Note
-------+----------+-------------------------------------------
     0 | D:1      | Zonian the Deep Elf Summoner began the quest for the Orb.
     0 | D:1      | Reached XP level 1. HP: 10/10 MP: 6/6
    60 | D:1      | Slain by a hobgoblin

Illustrated notes

Levels and vault maps discovered:
D:1:      lemuel_arrival_rhombus, layout_loops_corners

Action                     || total
---------------------------++-------
  Melee: Unarmed           ||    16
   Cast: Summon Small Mamm ||     3
 Armour: Robe              ||    14
  Dodge: Dodged            ||    19

Table legend: (Time is in decaauts)
 A = Elapsed time spent in this place.
 B = Non-inter-level travel time spent in this place.
 C = Inter-level travel time spent in this place.
 D = Time resting spent in this place.
 E = Time spent auto-exploring this place.
 F = Levels seen in this place.
 G = Mean time per level.
                   A        B        C        D        E       F      G
               +--------+--------+--------+--------+--------+-----+--------+
         Total |     60 |     60 |      0 |      0 |     32 |   1 |   60.0 |
       Dungeon |     60 |     60 |      0 |      0 |     32 |   1 |   60.0 |
               +--------+--------+--------+--------+--------+-----+--------+

Top non-repeatable levels by time:
     D:1: 60 daAuts
